 Dungeon Crawl Stone Soup version 0.23.2-33-g5129a83184 (webtiles) character file.

Game seed: 11761548107131310926

23197 Folque the Destroyer (level 12, -14/89 HPs)
             Began as a Demigod Conjurer on July 27, 2019.
             Demolished by a catoblepas (15 damage)
             ... while petrified by you
             ... on level 5 of the Lair of Beasts.
             The game lasted 01:02:59 (20941 turns).

Folque the Destroyer (Demigod Conjurer)            Turns: 20941, Time: 01:02:59

Health: -14/89     AC:  9    Str: 18    XL:     12   Next: 37%
Magic:  3/26       EV:  2    Int: 25    God:
Gold:   1045       SH:  0    Dex: 16    Spells: 4/24 levels left

rFire    . . .     SeeInvis .   X - +3 long sword
rCold    . . .     Gourm    .   (no shield)
rNeg     + + +     Faith    .   W - +0 troll leather armour
rPois    ∞         Spirit   .   R - +0 helmet
rElec    .         Reflect  .   (no cloak)
rCorr    .         Harm     .   s - +0 pair of gloves
MR       +....                  m - +1 pair of boots
Stlth    ++........             (no amulet)
HPRegen  0.64/turn              T - ring of the Swan {Wiz rPois Str+5}
MPRegen  0.20/turn              f - ring of wizardry

@: petrified
A: high mp 1
a: no special abilities


You were on level 5 of the Lair of Beasts.
You were near starving.

You visited 2 branches of the dungeon, and saw 16 of its levels.
You also visited: Sewer.

You collected 1045 gold pieces.

Inventory:

Hand Weapons
 X - a +3 long sword (weapon)
Missiles
 J - a javelin of penetration (quivered)
 K - 3 throwing nets
Armour
 a - a +0 robe
 m - a +1 pair of boots (worn)
 s - a +0 pair of gloves (worn)
 x - a +0 ring mail
 R - a +0 helmet (worn)
 W - a +0 troll leather armour (worn)
Jewellery
 f - a ring of wizardry (right hand)
 g - a +4 ring of protection {unknown}
 h - a cursed ring of attention {unknown}
 j - an uncursed amulet of rage
 k - a +5 ring of dexterity {unknown}
 l - an uncursed ring of stealth {unknown}
 o - an uncursed ring of resist corrosion
 v - a +4 amulet of reflection {unknown}
 z - an uncursed ring of protection from fire {unknown}
 A - an uncursed ring of see invisible
 D - an uncursed amulet of faith
 H - an uncursed ring of ice {unknown}
 T - the ring of the Swan (left hand) {Wiz rPois Str+5}
   (You found it on level 3 of the Lair of Beasts)

   [ring of wizardry]

   It improves your spell success rate.
   It affects your strength (+5).
   It protects you from poison.
Wands
 p - a wand of acid (5)
 r - a wand of iceblast (7)
 w - a wand of polymorph (11)
 N - a wand of disintegration (10)
 Y - a wand of clouds (3)
Scrolls
 b - 3 scrolls of amnesia
 e - 9 scrolls of remove curse
 q - a scroll of blinking {unknown}
 t - 5 scrolls of teleportation
 u - 5 scrolls of enchant armour {unknown}
 B - 4 scrolls of enchant weapon {unknown}
 G - 6 scrolls of fear
 Z - a scroll of random uselessness {unknown}
Potions
 i - 3 potions of brilliance
 n - a potion of mutation {unknown}
 C - 4 potions of flight
 E - 3 potions of curing
 F - a potion of might
 I - a potion of magic {unknown}
 L - 2 potions of lignification {unknown}
 O - 3 potions of invisibility
 P - a potion of agility
 S - 2 potions of haste
Miscellaneous
 y - 2 sacks of spiders
 U - a lightning rod (3/4)
Comestibles
 c - 25 rations


   Skills:
 + Level 3.4 Fighting
 - Level 5.0 Armour
 - Level 6.2 Dodging
 - Level 1.7 Stealth
 * Level 6.6 Spellcasting
 * Level 12.4 Conjurations
 - Level 7.2 Hexes
 - Level 7.1 Translocations
 - Level 4.0 Evocations


You had 4 spell levels left.
You knew the following spells:

 Your Spells              Type           Power        Failure   Level  Hunger
a - Magic Dart            Conj           ####         1%          1    None
b - Searing Ray           Conj           ######       1%          2    None
c - Dazzling Spray        Conj/Hex       ######       1%          3    None
d - Fulminant Prism       Conj/Hex       ######....   1%          4    ###....
e - Force Lance           Conj/Tloc      ######..     1%          4    ###....
f - Tukima's Dance        Hex            #####...     1%          3    None
g - Inner Flame           Hex/Fire       ####....     1%          3    None

Your spell library contained the following spells:

 Spells                   Type           Power        Failure   Level  Hunger
 Apportation              Tloc           #####.       1%          1    None
 Confusing Touch          Hex            #####.       1%          1    None
 Corona                   Hex            #####..      1%          1    None
 Ensorcelled Hibernation  Hex/Ice        ####..       1%          2    None
 Slow                     Hex            #####...     1%          2    None
 Confuse                  Hex            #####...     1%          3    None
 Portal Projectile        Hex/Tloc       #####.       1%          3    None
 Recall                   Summ/Tloc      N/A          1%          3    None
 Cause Fear               Hex            #####.....   1%          4    ###....
 Iskenderun's Mystic Bla  Conj           ######..     1%          4    ###....
 Animate Skeleton         Necr           N/A          2%          1    None
 Summon Small Mammal      Summ           #...         2%          1    None
 Leda's Liquefaction      Hex/Erth       ####......   5%          4    ###....
 Irradiate                Conj/Tmut      #####.....   5%          5    #####..
 Summon Forest            Summ/Tloc      ####......   13%         5    #####..
 Summon Mana Viper        Hex/Summ       ####....     13%         5    #####..
 Aura of Abjuration       Summ           #.........   50%         5    #####..
 Summon Demon             Summ           #.........   50%         5    #####..
 Hydra Form               Tmut           #.........   95%         6    ######.
 Shadow Creatures         Summ           N/A          95%         6    ######.
 Statue Form              Tmut/Erth      #........    95%         6    ######.
 Dragon Form              Tmut           #.........   100%        7    #######


Dungeon Overview and Level Annotations

Branches:
Dungeon (11/15)            Temple (0/1) D:5            Lair (5/6) D:9
  Swamp (0/4) Lair:2       Spider (0/4) Lair:4          Orc (0/2) D:9
  Slime: Lair:5-6

Shops:
D:9 [

Annotations:
D:3 2 transporters, Derpface's ghost, amateur MiBe
D:5 exclusion: oklob sapling
D:6 1 runed translucent door
D:8 exclusion: troll


Innate Abilities, Weirdness & Mutations

You have an increased reservoir of magic. (+10% MP)


Message History

The catoblepas breathes a plume of calcifying dust at you.
The blast of calcifying dust hits you!
You have turned to stone.
You are engulfed in calcifying dust.
The catoblepas breathes a plume of calcifying dust at you.
The blast of calcifying dust hits you but does no damage.
You are engulfed in calcifying dust.
The catoblepas gores you!!
You are engulfed in calcifying dust.
The catoblepas breathes a plume of calcifying dust at you.
The blast of calcifying dust hits you.
You are engulfed in calcifying dust.
The catoblepas gores you!!
* * * LOW HITPOINT WARNING * * *
The catoblepas breathes a plume of calcifying dust at you.
The blast of calcifying dust hits you!
* * * LOW HITPOINT WARNING * * *
You are engulfed in calcifying dust.
The catoblepas gores you.
* * * LOW HITPOINT WARNING * * *
You are engulfed in calcifying dust.
The catoblepas gores you!!
* * * LOW HITPOINT WARNING * * *
You are engulfed in calcifying dust.
The catoblepas gores you!!
You die...

###........# ####....##
#...## ###.## #..P# ##...## .
### ##.P...######### .
#.###Y.P....#.##.#.##.
####....@..#.............
###.#......................
#≈≈.......§................
#.≈≈≈≈....§....#.......P...
##≈≈≈≈...<§....##..........
###..............P...........
#..................##P.......
##)........♣♣♣.....####......
#.........♣ ♣.P....###......


You could see a catoblepas.

Vanquished Creatures
  2 catoblepae (Lair:5)
  A death yak (Lair:5)
  An orb spider (Lair:4)
  An elephant (Lair:3)
  3 black mambas
  5 spiny frogs
  A centaur skeleton (D:10)
  2 rime drakes
  5 komodo dragons
  2 trolls (D:10)
  4 polar bears (Lair:4)
  Prince Ribbit (D:7)
  A queen bee (Lair:3)
  A hornet (D:7)
  5 hippogriffs
  Sigmund (D:3)
  23 yaks
  5 wyverns
  A hungry ghost (D:10)
  Menkaure (D:6)
  5 insubstantial wisps (Lair:2)
  8 water moccasins
  5 porcupines
  5 orc warriors
  2 ice beasts (D:5)
  2 sky beasts (D:10)
  A necrophage (D:10)
  A phantom (D:6)
  3 wolves
  2 centaurs
  3 ogres
  10 crocodiles
  2 big kobolds
  10 bullfrogs
  A wyvern zombie (D:10)
  A wyvern skeleton (D:10)
  4 scorpions
  36 killer bees
  2 water moccasin skeletons (D:10)
  2 electric eels
  3 crimson imps
  A bullfrog zombie (D:11)
  3 hounds
  4 orc priests
  8 orc wizards
  3 bullfrog skeletons
  12 hell rats
  9 worker ants
  A worker ant zombie (D:7)
  8 gnolls
  3 river rats
  8 adders
  2 shadow imps
  An ooze (D:1)
  An adder skeleton (D:7)
  3 adder zombies
  2 dart slugs
  9 leopard geckos
  44 orcs
  3 ball pythons
  5 bats
  A giant cockroach (D:6)
  5 hobgoblins
  11 jackals
  14 kobolds
  6 quokkas
  2 frilled lizards
  8 goblins
  A leopard gecko skeleton (D:4)
  A quokka skeleton (D:4)
  2 quokka zombies
  4 rats
  A fungus (Lair:3)
  A plant (Lair:3)
361 creatures vanquished.

Vanquished Creatures (collateral kills)
  A merfolk (D:10)
  A yak (Lair:3)
  2 ogres
  A bullfrog (D:9)
  2 orcs
7 creatures vanquished.

Vanquished Creatures (others)
  8 dancing weapons
  25 fulminant prisms
  2 fungi
  5 plants
40 creatures vanquished.

Grand Total: 408 creatures vanquished

Notes
Turn   | Place    | Note
-------+----------+-------------------------------------------
     0 | D:1      | Folque the Demigod Conjurer began the quest for the Orb.
     0 | D:1      | Reached XP level 1. HP: 14/14 MP: 5/5
   516 | D:1      | Reached XP level 2. HP: 22/22 MP: 5/7
   568 | D:1      | Learned a level 2 spell: Searing Ray
  1049 | D:2      | Found a hide-covered altar of Uskayaw.
  1051 | D:2      | Found a basalt altar of Yredelemnul.
  1051 | D:2      | Found an opulent altar of Gozag.
  1053 | D:2      | Found a blossoming altar of Fedhas.
  1053 | D:2      | Found a stormy altar of Qazlal.
  1053 | D:2      | Found a shimmering altar of Xom.
  1118 | D:2      | Reached skill level 1 in Fighting
  1118 | D:2      | Reached XP level 3. HP: 28/28 MP: 3/9
  1397 | D:2      | Reached skill level 4 in Conjurations
  1404 | D:2      | Learned a level 3 spell: Dazzling Spray
  1761 | D:2      | Found a faded altar of an unknown god.
  2321 | D:3      | Noticed Sigmund
  2382 | D:3      | Found a basalt altar of Yredelemnul.
  2385 | D:3      | Noticed a profane servitor
  2410 | D:3      | Found a glowing golden altar of the Shining One.
  2414 | D:3      | Reached XP level 4. HP: 35/35 MP: 11/11
  2416 | D:3      | Noticed an angel
  2595 | D:3      | Reached skill level 1 in Hexes
  2643 | D:3      | Identified the +6 halberd of the Equinox {chaos, Dex+6}
  2656 | D:3      | Found a transporter.
  2656 | D:3      | Found a transporter.
  2666 | D:3      | Noticed Derpface's ghost (amateur MiBe)
  2710 | D:3      | Found an ornate altar of the Wu Jian Council.
  2873 | D:3      | Killed Sigmund
  2873 | D:3      | Reached XP level 5. HP: 40/40 MP: 1/13
  3324 | D:4      | Found a shadowy altar of Dithmenos.
  3350 | D:4      | Reached XP level 6. HP: 39/47 MP: 11/14
  3356 | D:4      | Learned a level 4 spell: Fulminant Prism
  3671 | D:5      | Entered Level 5 of the Dungeon
  4157 | D:5      | Reached skill level 5 in Conjurations
  4367 | D:5      | Reached XP level 7. HP: 39/52 MP: 11/16
  4445 | D:5      | Learned a level 3 spell: Tukima's Dance
  4543 | D:5      | Found a staircase to the Ecumenical Temple.
  5571 | D:6      | Reached skill level 5 in Hexes
  5666 | D:6      | Noticed Menkaure
  5672 | D:6      | Killed Menkaure
  5781 | D:6      | Found a bloodstained altar of Trog.
  5864 | D:6      | Reached skill level 6 in Conjurations
  5870 | D:6      | HP: 3/78 [orc wizard/magic dart (5)]
  5871 | D:6      | HP: 1/52 [orc wizard/+0 dagger (1)]
  5993 | D:6      | Reached XP level 8. HP: 27/59 MP: 12/17
  6026 | D:6      | Found a glowing drain.
  6039 | Sewer    | Entered a sewer
  6645 | Sewer    | Found a glowing silver altar of Zin.
  6834 | D:6      | Found a glowing golden altar of the Shining One.
  6834 | D:6      | Found a runed translucent door.
  6834 | D:6      | Noticed an angel
  7449 | D:7      | Reached skill level 7 in Conjurations
  8126 | D:7      | Noticed Prince Ribbit
  8142 | D:7      | Killed Prince Ribbit
  8142 | D:7      | Reached skill level 8 in Conjurations
  8289 | D:7      | Noticed a hornet
  8294 | D:7      | Killed a hornet
  8918 | D:8      | Reached XP level 9. HP: 30/64 MP: 10/19
  9352 | D:8      | Reached skill level 9 in Conjurations
  9780 | D:8      | Reached skill level 1 in Armour
 10360 | D:9      | Learned a level 4 spell: Force Lance
 10371 | D:9      | Found a staircase to the Lair.
 10531 | D:9      | Reached skill level 5 in Spellcasting
 10705 | D:9      | Found a staircase to the Orcish Mines.
 10921 | D:9      | Reached skill level 1 in Evocations
 11157 | D:9      | Reached XP level 10. HP: 66/71 MP: 2/21
 11297 | D:9      | Found Busoc's Antique Armour Boutique.
 11435 | D:10     | Entered Level 10 of the Dungeon
 11693 | D:10     | Reached skill level 5 in Armour
 12149 | D:10     | Reached skill level 1 in Translocations
 12946 | Lair:1   | Entered Level 1 of the Lair of Beasts
 13060 | Lair:1   | Reached skill level 10 in Conjurations
 13556 | Lair:1   | Reached XP level 11. HP: 25/77 MP: 2/22
 13895 | Lair:1   | HP: 3/77 [poisoned by a black mamba]
 14956 | Lair:2   | Found a staircase to the Swamp.
 14960 | Lair:2   | Reached skill level 5 in Dodging
 14970 | Lair:2   | Reached skill level 5 in Translocations
 15730 | Lair:2   | Reached skill level 11 in Conjurations
 16790 | Lair:3   | Learned a level 3 spell: Inner Flame
 18065 | Lair:3   | Got a transparent jade ring
 18356 | Lair:3   | Identified the ring of the Swan {Wiz rPois Str+5} (You
                  | found it on level 3 of the Lair of Beasts)
 18683 | Lair:4   | Reached XP level 12. HP: 81/85 MP: 5/24
 18812 | Lair:4   | Found a hole to the Spider Nest.
 19166 | Lair:4   | Reached skill level 12 in Conjurations
 20285 | Lair:5   | Noticed a catoblepas
 20299 | Lair:5   | Killed a catoblepas
 20609 | Lair:5   | Noticed a catoblepas
 20635 | Lair:5   | Killed a catoblepas
 20908 | Lair:5   | Noticed a catoblepas
 20940 | Lair:5   | HP: 1/89 [catoblepas (14)]
 20941 | Lair:5   | Demolished by a catoblepas

Skill      XL: |  1  2  3  4  5  6  7  8  9 10 11 12 |
---------------+-------------------------------------+-----
Spellcasting   | 2 3 4 5 6 |  6.6
Fighting       | 1 3 |  3.4
Conjurations   | 4 5 6 8 9 10 11 12 | 12.4
Hexes          | 2 3 4 5 6 7 |  7.2
Armour         | 4 5 |  5.0
Dodging        | 2 4 6 |  6.2
Evocations     | 2 4 |  4.0
Translocations | 4 7 |  7.1
Stealth        | |  1.7

Action                   |  1- 3 |  4- 6 |  7- 9 | 10-12 || total
-------------------------+-------+-------+-------+-------++-------
Melee: Unarmed           |     9 |       |       |       ||     9
       Club              |     7 |       |       |       ||     7
       Mace              |    40 |       |       |       ||    40
       Short sword       |    31 |    68 |   191 |    69 ||   359
       Long sword        |       |       |       |   126 ||   126
Throw: Javelin           |       |       |       |     4 ||     4
 Cast: Magic Dart        |    16 |     2 |    11 |    28 ||    57
       Searing Ray       |     3 |    16 |    40 |    51 ||   110
       Dazzling Spray    |       |     3 |    34 |    25 ||    62
       Tukima's Dance    |       |       |    15 |     5 ||    20
       Fulminant Prism   |       |       |     5 |    20 ||    25
       Force Lance       |       |       |     3 |   141 ||   144
       Inner Flame       |       |       |       |    12 ||    12
Evoke: Wand              |       |       |       |    12 ||    12
       Lightning rod     |       |       |       |     6 ||     6
       Sack of spiders   |       |       |       |     2 ||     2
  Use: Scroll            |     1 |       |     7 |    11 ||    19
       Potion            |       |       |     4 |     8 ||    12
 Stab: Sleeping          |     3 |     5 |     2 |       ||    10
       Invisible         |       |     1 |     5 |     6 ||    12
       Petrifying        |       |       |       |     1 ||     1
  Eat: Chunk             |     5 |     6 |    18 |    27 ||    56
       Ration            |       |       |     2 |     7 ||     9
Armor: Robe              |    29 |    26 |    57 |       ||   112
       Ring mail         |       |       |     2 |    18 ||    20
       Troll leather arm |       |       |       |   128 ||   128
Dodge: Dodged            |    58 |    65 |   173 |   387 ||   683
       Rpst.: Long sword |       |       |       |    97 ||    97
